 Dungeon Crawl Stone Soup version 0.30-a0-715-gdb4ae3ece1 (webtiles) character file.

Game seed: 7965675877779941082

54613 Darius099 the Fighter (level 14, -4/92 (94) HPs)
             Began as a Gargoyle Fighter on Jan 23, 2023.
             Was a High Priest of Okawaru.
             Slain by an orc knight
             ... wielding a +3 great sword
              (34 damage)
             ... on level 1 of the Orcish Mines.
             The game lasted 00:59:26 (18822 turns).

Darius099 the Fighter (Gargoyle Fighter)           Turns: 18822, Time: 00:59:27

HP:   -4/92 (94)    AC: 33    Str: 29    XL:     14   Next: 73%
MP:   14/14         EV: 11    Int:  9    God:    Okawaru [*****.]
Gold: 2162          SH: 16    Dex: 11    Spells: 13/13 levels left

rFire   + . .      SeeInvis .    S - +2 flail (drain)
rCold   . . .      Faith    .    I - +0 kite shield
rNeg    + . .      Spirit   .    V - +2 chain mail {rF+}
rPois   ∞          Reflect  .    a - +0 helmet
rElec   +          Harm     .    A - +1 cloak
rCorr   .          Rampage  .    (no gloves)
Will    +....                    (no boots) Stlth
                                 T - amulet of regeneration
HPRegen 1.15/turn                j - +6 ring of strength
MPRegen 0.14/turn                M - +4 ring of protection

@: flying, lightly drained
A: sickness immunity, AC +10, big wings, negative energy resistance 1,
electricity resistance, torment resistance 1, petrification resistance, hooves
1, large bone plates 1, wild magic 1
a: Renounce Religion, Heroism, Finesse, Duel


You were on level 1 of the Orcish Mines.
You worshipped Okawaru.
Okawaru was extremely pleased with you.
You visited 4 branches of the dungeon, and saw 21 of its levels.
You also visited: Sewer.

You collected 2242 gold pieces.
You spent 80 gold pieces at shops.

Inventory:

Hand Weapons
 N - a +2 whip of electrocution
 S - a +2 flail of draining (weapon)
Missiles
 v - 5 silver javelins (quivered)
Armour
 a - a +0 helmet (worn)
 e - the +1 ring mail "Ropladet" {Drain rCorr Int+6}
   (You found it on level 2 of the Lair of Beasts)

   Int:       It affects your intelligence (+6).
   rCorr:     It protects you from acid and corrosion.
   Drain:     It drains your maximum health when unequipped.
 p - a +0 plate armour
 A - a +1 cloak (worn)
 I - a +0 kite shield (worn)
 V - a +2 chain mail of fire resistance (worn)
Jewellery
 j - a +6 ring of strength (left hand)
 q - a ring of resist corrosion
 z - a ring of willpower
 H - a ring of protection from fire
 M - a +4 ring of protection (right hand)
 T - an amulet of regeneration (around neck)
 U - a +6 ring of strength
 Z - an amulet of the acrobat
Wands
 c - a wand of acid (8)
 m - a wand of mindburst (7)
 L - a wand of flame (34)
 X - a wand of polymorph (4)
 Y - a wand of iceblast (6)
Scrolls
 b - 5 scrolls of immolation
 n - 2 scrolls of brand weapon
 o - 4 scrolls of magic mapping
 r - 4 scrolls of fog
 s - 8 scrolls of teleportation
 t - 4 scrolls of enchant weapon
 u - 6 scrolls of amnesia
 w - 3 scrolls of enchant armour
 x - 3 scrolls of vulnerability
 y - 5 scrolls of fear
 B - 5 scrolls of poison
 G - a scroll of torment
 J - a scroll of acquirement
 K - 2 scrolls of blinking
 R - a scroll of silence
 W - 4 scrolls of identify
Potions
 d - 2 potions of might
 f - 7 potions of invisibility
 g - 6 potions of curing
 i - a potion of mutation
 k - 3 potions of heal wounds
 l - 4 potions of lignification
 C - 5 potions of flight
 D - 3 potions of attraction
 E - 3 potions of resistance
 F - 4 potions of magic
 O - 2 potions of berserk rage
 P - 4 potions of haste
 Q - 4 potions of brilliance
Miscellaneous
 h - a lightning rod (4/4)


   Skills:
 + Level 13.1 Fighting
 + Level 11.9 Maces & Flails
 + Level 13.1 Armour
 + Level 9.6 Dodging
 + Level 13.0 Shields


You had 13 spell levels left.
You didn't know any spells.
Your spell library contained the following spells:

 Spells                   Type           Power      Damage    Failure   Level
 Kiss of Death            Conj/Necr      0%         2d5       98%         1
 Necrotise                Necr           0%         1d4       98%         1
 Confusing Touch          Hex            0%         N/A       100%        3
 Inner Flame              Hex/Fire       0%         N/A       100%        3
 Vampiric Draining        Necr           0%         2d6       100%        3
 Dispel Undead            Necr           0%         3d6       100%        4
 Flame Wave               Conj/Fire      0%         2d4       100%        4
 Leda's Liquefaction      Hex/Erth       0%         N/A       100%        4
 Sticky Flame             Conj/Fire      0%         2d3       100%        4
 Agony                    Necr           0%         N/A       100%        5
 Blade Hands              Tmut           0%         N/A       100%        5
 Lee's Rapid Deconstruct  Erth           0%         3d4*      100%        5
 Iron Shot                Conj/Erth      0%         9d1       100%        6
 Animate Armour           Summ/Erth      Unusable   N/A       N/A         4
 Summon Forest            Summ/Tloc      Unusable   N/A       N/A         5
 Summon Mana Viper        Hex/Summ       Unusable   N/A       N/A         5
 Statue Form              Tmut/Erth      Unusable   N/A       N/A         6
 Summon Cactus Giant      Summ           Unusable   N/A       N/A         6

Dungeon Overview and Level Annotations

Branches:
Dungeon (13/15)            Temple (1/1) D:6            Lair (5/5) D:10
 Shoals (0/4) Lair:3        Snake (0/4) Lair:2        Slime (0/5) Lair:4
    Orc (2/2) D:10          Sewer (visited)
    Elf: Orc:2       Vaults: D:13-14

Altars:
Ashenzari
Cheibriados
Dithmenos
Elyvilon
Fedhas
Gozag
Hepliaklqana
Kikubaaqudgha
Makhleb
Nemelex Xobeh
Okawaru
Qazlal
Ru
Sif Muna
Trog
Uskayaw
Vehumet
Wu Jian
Xom
Yredelemnul
Zin
The Shining One
Jiyva

Shops:
D:2 !   D:10 :


Innate Abilities, Weirdness & Mutations

You are immune to sickness and miasma.
Your stone body is resilient. (AC +10)
You are immune to poison.
Your large and strong wings let you fly.
You resist negative energy. (rN+)
You are resistant to electric shocks. (rElec)
You are resistant to unholy torment.
You are immune to petrification.
You have large cloven feet.
You are partially covered in large bone plates. (SH +4)
Your spells are a little harder to cast, but a little more powerful.


Message History

There is a stone staircase leading up here.
The orc warlord roars a battlecry!
The orc priest goes into a battle-frenzy!
You fly upwards.
There is a stone staircase leading down here.
You barely miss the orc warrior.
The orc warrior hits you with a +0 war axe!
You bludgeon the orc warrior!! You drain the orc warrior.
You kick the orc warrior, but do no damage.
The orc warrior is almost dead.
You block the orc warrior's attack.
You closely miss the orc warrior. You kick the orc warrior.
The orc warrior is almost dead.
The orc warrior hits you with a +0 war axe.
You hit the orc warrior. Your kick misses the orc warrior.
The orc warrior is almost dead.
The orc warrior closely misses you.
You hit the orc warrior.
You kill the orc warrior!
Okawaru accepts your kill.
You fly downwards.
The orc sorcerer casts a spell.
You block the orc's attack. You block the orc knight's attack.
The orc knight hits you with a +3 great sword.
There is a stone staircase leading up here.
The orc warlord roars a battlecry!
The orcs go into a battle-frenzy!
The orc knight hits you with a +3 great sword!!
You block the orc's attack.
You fly upwards.
The hellwing disappears in a puff of smoke!
There is a stone staircase leading down here.
You completely miss the orc sorcerer.
You kick the orc sorcerer, but do no damage.
The orc knight hits you with a +3 great sword!!
You block the orc sorcerer's attack. You block the orc's attack.
You barely miss the orc sorcerer.
You kick the orc sorcerer, but do no damage.
The orc knight hits you with a +3 great sword!!
You die...

##......##.......##.....#.#
####..##.........#.....###
#...........#..#..#..#
#.........####...#####
####....######....###
##........##........#
###...................##
##.....###)o)....#......##
#.....###o@o....####.....##
##..†.######.....###.......
#.....####.......#......##
#......##.......##....###
##..........#..........#
#####......###......###
#......## #.....## ##....##
##..### #...## #.##


You could see an orc knight (strong), an orc sorcerer (strong) and an orc
(strong).

Vanquished Creatures
  3 catoblepae (Lair:5)
  Harold (D:9)
  4 hydras
  A death knight (D:13)
  3 centaur warriors
  3 boulder beetles
  5 two-headed ogres
  11 death yaks
  An orc high priest (Orc:2)
  Nergalle (Lair:2)
  2 orc knights
  An ugly thing (D:12)
  2 cyclopes
  4 orc sorcerers
  3 manticores
  2 black mambas (Lair:4)
  A merfolk siren (Lair:3)
  Joseph (Lair:1)
  4 elephants
  A torpor snail (Lair:1)
  5 cane toads
  An unseen horror (D:12)
  2 rime drakes
  3 komodo dragons
  A tengu conjurer (D:13)
  6 trolls
  17 blink frogs
  A hornet (Lair:3)
  2 polar bears
  13 dream sheep (Lair:5)
  A shadow (D:12)
  2 wyverns
  28 yaks
  5 basilisks
  3 wraiths (D:12)
  A steam dragon (Lair:1)
  Grum (D:10)
  2 vampire mosquitoes (D:11)
  3 wargs
  An acid dragon (D:9)
  13 water moccasins
  17 orc warriors
  A black bear (Lair:2)
  A sky beast (D:7)
  7 ice beasts
  12 wolves
  8 ogres
  17 centaurs
  2 phantoms
  5 kobold brigands
  13 bullfrogs
  3 gnoll sergeants
  A necrophage (D:8)
  A scorpion (D:7)
  5 wights
  3 killer bees (D:10)
  3 howler monkeys (D:8)
  4 electric eels
  A hound (D:6)
  3 iron imps (D:3)
  10 orc priests
  Crazy Yiuf (D:2)
  16 jellies
  An iguana (D:6)
  Natasha (thrice) (D:4)
  13 orc wizards
  11 gnolls
  10 adders
  3 river rats (Sewer)
  A white imp (D:6)
  2 worms (D:2)
  A dart slug (D:2)
  64 orcs
  7 ball pythons
  9 bats
  6 endoplasms
  8 giant cockroaches
  10 goblins
  12 hobgoblins
  2 jackals (D:2)
  3 quokkas
  5 frilled lizards
  49 kobolds
  10 rats
529 creatures vanquished.

Vanquished Creatures (others)
  A deep elf pyromancer (D:10)
  An orc wizard (Orc:2)
  2 orcs (Orc:2)
  22 fungi
  48 plants
74 creatures vanquished.

Grand Total: 603 creatures vanquished

Notes
Turn   | Place    | Note
-------+----------+-------------------------------------------
     0 | D:1      | Darius099 the Gargoyle Fighter began the quest for the Orb.
     0 | D:1      | Reached XP level 1. HP: 14/14 MP: 1/1
    50 | D:1      | Reached XP level 2. HP: 19/19 MP: 2/2
   666 | D:2      | Found Paxero's Distillery.
   681 | D:2      | Bought a potion of mutation for 80 gold pieces
   690 | D:2      | Reached XP level 3. HP: 18/23 MP: 3/3
   885 | D:2      | Found a runed translucent door.
   886 | D:2      | Noticed Crazy Yiuf
  1423 | D:2      | Reached XP level 4. HP: 29/29 MP: 4/4
  1594 | D:2      | Killed Crazy Yiuf
  1838 | D:3      | Reached XP level 5. HP: 33/33 MP: 5/5
  1912 | D:3      | Found a burning altar of Makhleb.
  2206 | D:4      | Found an ancient bone altar of Kikubaaqudgha.
  2339 | D:4      | Reached XP level 6. HP: 39/39 MP: 6/6
  2392 | D:4      | Reached skill level 1 in Dodging
  2465 | D:4      | Noticed Natasha
  2472 | D:4      | Killed Natasha
  2803 | D:4      | Noticed Natasha
  2809 | D:4      | Killed Natasha
  2910 | D:4      | Noticed Natasha
  2917 | D:4      | Killed Natasha
  3211 | D:5      | Entered Level 5 of the Dungeon
  3249 | D:5      | Reached skill level 5 in Fighting
  3249 | D:5      | Reached XP level 7. HP: 44/44 MP: 7/7
  3257 | D:5      | Found an iron altar of Okawaru.
  3265 | D:5      | Reached skill level 5 in Shields
  3434 | D:5      | Found a glowing drain.
  3478 | Sewer    | Entered a sewer
  3505 | Sewer    | Reached skill level 5 in Armour
  3925 | D:5      | Found a glowing golden altar of the Shining One.
  3927 | D:5      | Noticed an angel
  3936 | D:5      | Found a basalt altar of Yredelemnul.
  3938 | D:5      | Noticed a profane servitor
  4222 | D:5      | Found a shimmering altar of Xom.
  4223 | D:5      | Found a shadowy altar of Dithmenos.
  4370 | D:5      | Found an opulent altar of Gozag.
  4581 | D:6      | Reached XP level 8. HP: 19/50 MP: 8/8
  5181 | D:6      | Found a staircase to the Ecumenical Temple.
  5183 | D:6      | Reached skill level 5 in Maces & Flails
  5205 | Temple   | Entered the Ecumenical Temple
  5854 | D:7      | Reached XP level 9. HP: 16/56 MP: 9/9
  6679 | D:7      | Found a sparkling altar of Nemelex Xobeh.
  7355 | D:8      | Found a white marble altar of Elyvilon.
  7418 | D:8      | Noticed a +0 short sword
  7418 | D:8      | Noticed a +0 dagger
  7419 | D:8      | Noticed a +0 spear
  7419 | D:8      | Noticed a +0 short sword
  7419 | D:8      | Noticed a +0 dagger
  7454 | D:8      | Reached XP level 10. HP: 62/64 MP: 10/10
  7456 | D:8      | Noticed a +0 falchion
  7457 | D:8      | Noticed a +0 falchion
  7459 | D:8      | Noticed a +0 spear
  7469 | D:8      | Found a hide-covered altar of Uskayaw.
  7554 | D:8      | Found a hazy altar of Hepliaklqana.
  7843 | D:9      | Noticed Harold
  7859 | D:9      | Killed Harold
  7860 | D:9      | Reached skill level 5 in Dodging
  7983 | D:9      | Found a stormy altar of Qazlal.
  8484 | D:9      | Found a broken altar of Ashenzari.
  8626 | D:10     | Entered Level 10 of the Dungeon
  8642 | D:10     | Found Diusch's Book Emporium.
  8820 | D:10     | Noticed an elephant
  8847 | D:10     | Killed an elephant
  8856 | D:10     | Found a staircase to the Lair.
  8921 | D:10     | Noticed a deep elf pyromancer
  8970 | D:10     | Killed a deep elf pyromancer
  8971 | D:10     | Reached XP level 11. HP: 32/69 MP: 11/11
  9075 | D:10     | Found an ornate altar of the Wu Jian Council.
  9176 | D:10     | Found a shimmering blue altar of Sif Muna.
  9570 | D:10     | Noticed Grum
  9599 | D:10     | Killed Grum
  9649 | D:10     | Identified a scroll of acquirement
  9652 | D:10     | Found a staircase to the Orcish Mines.
  9707 | D:10     | Gained mutation: You are partially covered in large bone
                  | plates. (SH +4) [potion of mutation]
  9707 | D:10     | Gained mutation: You have large cloven feet. [potion of
                  | mutation]
  9707 | D:10     | Gained mutation: Your spells are a little harder to cast,
                  | but a little more powerful. [potion of mutation]
  9795 | D:11     | Noticed a two-headed ogre
  9805 | D:11     | Killed a two-headed ogre
  9942 | D:11     | Noticed a two-headed ogre
  9952 | D:11     | Killed a two-headed ogre
 10027 | D:11     | Noticed a two-headed ogre
 10042 | D:11     | Noticed a boulder beetle
 10048 | D:11     | Killed a two-headed ogre
 10069 | D:11     | Killed a boulder beetle
 10488 | D:12     | Noticed a centaur warrior
 10502 | D:12     | Killed a centaur warrior
 10542 | D:12     | Found a radiant altar of Vehumet.
 10542 | D:12     | Noticed a green ugly thing
 10544 | D:12     | Noticed a two-headed ogre
 10592 | D:12     | Reached skill level 10 in Fighting
 10610 | D:12     | Killed a two-headed ogre
 10611 | D:12     | Reached skill level 10 in Armour
 10611 | D:12     | Reached skill level 10 in Shields
 10611 | D:12     | Reached XP level 12. HP: 29/77 MP: 12/12
 10703 | D:12     | Noticed a boulder beetle
 10732 | D:12     | Killed a boulder beetle
 11227 | D:12     | Found a stormy altar of Qazlal.
 11333 | Lair:1   | Entered Level 1 of the Lair of Beasts
 11749 | Lair:1   | Noticed Joseph
 11769 | Lair:1   | Killed Joseph
 11777 | Lair:1   | Noticed a death yak
 11801 | Lair:1   | Killed a death yak
 11810 | Lair:1   | Noticed a death yak
 11842 | Lair:1   | Killed a death yak
 12575 | Lair:2   | Identified the +1 scale mail of the Valley {+Inv rF+}
 12587 | Lair:2   | Noticed Nergalle
 12607 | Lair:2   | Killed Nergalle
 12663 | Lair:2   | Found a staircase to the Snake Pit.
 12696 | Lair:2   | Noticed an eight-headed hydra
 12704 | Lair:2   | Killed an eight-headed hydra
 12717 | Lair:2   | Identified the +1 ring mail "Ropladet" {Drain rCorr Int+6}
 12917 | Lair:2   | Reached skill level 10 in Maces & Flails
 13296 | Lair:2   | Reached XP level 13. HP: 84/84 MP: 13/13
 13579 | D:5      | Became a worshipper of Warmaster Okawaru
 13845 | Lair:3   | Found a staircase to the Shoals.
 14122 | Lair:3   | You fall into a shaft and drop 1 floor!
 14426 | Lair:3   | Reached * piety under Okawaru
 14713 | Lair:4   | Reached ** piety under Okawaru
 15018 | Lair:4   | Found a staircase to the Slime Pits.
 15019 | Lair:4   | Found a viscous altar of Jiyva.
 15436 | Lair:5   | Entered Level 5 of the Lair of Beasts
 15579 | Lair:5   | Reached *** piety under Okawaru
 15733 | Lair:5   | Reached **** piety under Okawaru
 16020 | Lair:5   | Gained mutation: Your large and strong wings let you fly.
                  | [Gargoyle growth]
 16020 | Lair:5   | Reached XP level 14. HP: 79/92 MP: 14/14
 16226 | Lair:5   | Reached ***** piety under Okawaru
 16525 | Lair:5   | Received a gift from Okawaru
 17449 | D:13     | Found a basalt altar of Yredelemnul.
 17802 | Orc:1    | Entered Level 1 of the Orcish Mines
 17832 | Orc:1    | Paralysed by an orc sorcerer for 2 turns
 17914 | Orc:2    | Entered Level 2 of the Orcish Mines
 18673 | Orc:2    | Noticed an orc warlord
 18822 | Orc:1    | Slain by an orc knight

Illustrated notes

Levels and vault maps discovered:
D:1:      amcnicky_arrival_single_pillar, layout_loops_ring
D:2:      layout_basic, serial_shops, shop, chequers_serial_rivers_micro_c,
          minmay_tromino_v7, uniq_crazy_yiuf_cottage
D:3:      layout_rooms, demons_altar
D:4:      kennysheep_kobold_camp, layout_basic,
          mainiacjoe_overflow_surrounded_room, uniq_natasha
D:5:      layout_basic, grunt_temple_overflow_holy_war,
          mainiacjoe_overflow_alcove_4, okawaru_altar_gauntlet_db,
          amethyst_overflow_temple_binary, gup_sewer_entry_glass
D:6:      layout_basic, minmay_temple_entry_gardened_gates, dk_rats_in_the_wall
D:7:      wad_river_or_something, layout_basic, mainiacjoe_overflow_chevrons
D:8:      layout_rooms, nicolae_uskayaw_en_pointe, mainiacjoe_overflow_paths,
          elyvilon_altar_5
D:9:      layout_roguey [special_room_orc], kennysheep_mini,
          mainiacjoe_overflow_small_starburst, uniq_harold
D:10:     layout_basic, general_overflow_altar, nzn_wu_jian_contemplation,
          david_lair_generic, david_orc_1_choice, serial_shops,
          nicolae_diamond_shop, uniq_grum
D:11:     layout_cave_pools
D:12:     layout_long_grid, hangedman_feature_mirror, library_closet
D:13:     layout_cave_pools, yredelemnul_altar_generic
Temple:   nicolae_temple_two_arcs
Lair:1:   layout_gridlike, serial_bayou, serial_bayou_lagoon_a,
          serial_bayou_shore_b, serial_bayou_pond_a, serial_bayou_crossing,
          uniq_joseph
Lair:2:   layout_regular_city, dummy_snake_entry, uniq_nergalle
Lair:3:   layout_regular_city, minmay_shoals_entry_lonely_mermaid,
          infiniplex_staircase_pool_2, grunt_megastairs_5, serial_bayou_shore_a
Lair:4:   layout_regular_city, minmay_slime_entry_jelly_boxes,
          grunt_megastairs_2
Lair:5:   evilmike_catoblepas_cave, layout_long_grid
Orc:1:    layout_diamond_mine
Orc:2:    grunt_orc_cross, layout_caves, basic_altar, lightli_orcish_oven

Skill      XL: |  1  2  3  4  5  6  7  8  9 10 11 12 13 14 |
---------------+-------------------------------------------+-----
Fighting       | 4 5 6 7 8 10 11 12 13 | 13.1
Armour         | 4 5 6 7 8 10 11 12 13 | 13.1
Shields        | 4 5 6 7 8 10 11 12 13 | 13.0
Maces & Flails | 3 4 5 6 7 8 10 11 | 11.9
Dodging        | 1 2 3 4 5 6 7 8 9 |  9.6

Action                     |  1- 3 |  4- 6 |  7- 9 | 10-12 | 13-15 || total
---------------------------+-------+-------+-------+-------+-------++-------
  Melee: Flail             |   101 |   178 |   404 |   804 |   921 ||  2408
         Whip              |       |       |   123 |    49 |       ||   172
         Kick              |       |       |       |   177 |   354 ||   531
  Throw: Javelin           |       |       |     4 |       |       ||     4
    Use: Scroll            |       |       |     7 |    17 |     2 ||    26
         Potion            |       |       |     1 |     3 |     1 ||     5
 Armour: Scale mail        |    79 |     3 |       |       |       ||    82
         Plate armour      |       |    87 |   342 |   726 |   494 ||  1649
         Chain mail        |       |       |       |       |   102 ||   102
  Dodge: Dodged            |    50 |    39 |   163 |   295 |   346 ||   893
  Block: Buckler           |    32 |    30 |    54 |       |       ||   116
         Kite shield       |       |       |   174 |   781 |   912 ||  1867

Table legend: (Time is in decaauts)
 A = Elapsed time spent in this place.
 B = Non-inter-level travel time spent in this place.
 C = Inter-level travel time spent in this place.
 D = Time resting spent in this place.
 E = Time spent auto-exploring this place.
 F = Levels seen in this place.
 G = Mean time per level.
                   A        B        C        D        E       F      G
               +--------+--------+--------+--------+--------+-----+--------+
         Total |  19176 |  17967 |   1209 |   1630 |   8415 |  22 |  871.6 |
       Dungeon |  12032 |  11153 |    879 |   1127 |   5352 |  13 |  925.5 |
        Temple |    130 |    130 |      0 |      0 |    107 |   1 |  130.0 |
          Lair |   5596 |   5267 |    329 |    343 |   2690 |   5 | 1119.2 |
  Orcish Mines |   1006 |   1006 |      0 |    160 |     84 |   2 |  503.0 |
         Sewer |    410 |    410 |      0 |      0 |    182 |   1 |  410.0 |
               +--------+--------+--------+--------+--------+-----+--------+

Top non-repeatable levels by time:
     D:7: 1621 daAuts
  Lair:5: 1521 daAuts
    D:10: 1398 daAuts
  Lair:1: 1328 daAuts
     D:5: 1121 daAuts
     D:6: 1064 daAuts
     D:2: 1061 daAuts
     D:4: 1059 daAuts
    D:12: 964 daAuts
  Lair:3: 953 daAuts
  Lair:4: 906 daAuts
  Lair:2: 887 daAuts
     D:9: 832 daAuts
     D:1: 683 daAuts
    D:11: 663 daAuts
